 Dungeon Crawl Stone Soup version 0.27-a0-1325-g58a489ad9e (webtiles) character file.

Game seed: 9288971300562788210

172 siradein the Ruffian (level 5, 0/40 HPs)
             Began as a Draconian Transmuter on June 25, 2021.
             Slain by Grinder (1 damage)
             ... on level 3 of the Dungeon.
             The game lasted 00:08:32 (4344 turns).

siradein the Ruffian (Draconian Transmuter)         Turns: 4344, Time: 00:08:33

Health: 0/40       AC:  5    Str: 14    XL:     5   Next: 27%
Magic:  7/8        EV: 12    Int: 13    God:
Gold:   101        SH:  0    Dex: 11    Spells: 2/8 levels left

rFire    . . .     SeeInvis .     - Unarmed
rCold    . . .     Faith    .   (no shield)
rNeg     . . .     Spirit   .   (armour unavailable)
rPois    .         Reflect  .   (helmet currently unavailable)
rElec    .         Harm     .   (no cloak)
rCorr    .         Rampage  .   (no gloves)
Will     .....                  (boots currently unavailable)
Stlth    +.........             (no amulet)
HPRegen  0.13/turn              (no ring)
MPRegen  0.11/turn              (no ring)

@: appendages
A: horns 2, talons 2, AC +5, unfitting armour, cold-blooded
a: End Transformation


You were on level 3 of the Dungeon.
You had temporarily grown beastly horns and talons.
You visited 1 branch of the dungeon, and saw 3 of its levels.

You collected 101 gold pieces.

Inventory:

Missiles
 g - a throwing net
Jewellery
 d - a ring of fire
Wands
 h - a wand of digging (5)
Scrolls
 e - a scroll of silence {unknown}
 f - a scroll of identify {unknown}
 i - a scroll of enchant weapon {unknown}
 j - a scroll of immolation {unknown}
Potions
 a - a potion of heal wounds {unknown}
 b - 2 potions of resistance {unknown}
 c - 2 potions of haste {unknown}


   Skills:
 - Level 1.1 Fighting
 - Level 1.7 Dodging
 - Level 5.0 Unarmed Combat
 - Level 2.0 Spellcasting
 + Level 3.8 Transmutations


You had 2 spell levels left.
You knew the following spells:

 Your Spells              Type           Power      Damage    Failure   Level
a - Beastly Appendage     Tmut           22%        N/A       5%          1
b - Wereblood             Tmut           11%        N/A       8%          2
c - Spider Form           Tmut/Pois      3%         N/A       34%         3

Your spell library contained the following spells:

 Spells                   Type           Power      Damage    Failure   Level
 Corona                   Hex            1%         N/A       26%         1
 Magic Dart               Conj           4%         1d3       26%         1
 Blink                    Tloc           N/A        N/A       36%         2
 Call Imp                 Summ           1%         N/A       36%         2
 Ensorcelled Hibernation  Hex/Ice        2%         N/A       36%         2
 Slow                     Hex            1%         N/A       36%         2
 Confusing Touch          Hex            1%         N/A       58%         3
 Conjure Flame            Conj/Fire      1%         6-21      58%         3
 Dazzling Flash           Conj/Hex       2%         N/A       58%         3
 Mephitic Cloud           Conj/Pois/Air  1%         N/A       58%         3
 Tukima's Dance           Hex            1%         N/A       58%         3
 Ice Form                 Ice/Tmut       6%         N/A       75%         4


Dungeon Overview and Level Annotations

Branches:
Dungeon (3/15)

Altars:

Shops:
D:1 [

Annotations:
D:3 1 runed translucent door, Crazy Yiuf, Grinder


Innate Abilities, Weirdness & Mutations

You have temporarily grown beastly horns and talons.
Your plain brown scales are hard. (AC +5)
You cannot fit into any form of body armour.
You are cold-blooded and may be slowed by cold attacks.


Message History

Grinder blinks!
Grinder hits you!
You are too injured to fight recklessly!
You are too injured to fight recklessly!
You are too injured to fight recklessly!
You are too injured to fight recklessly!
You are too injured to fight recklessly!
You hit Grinder but do no damage. You claw Grinder, but do no damage.
You headbutt Grinder, but do no damage.
Grinder is moderately wounded.
Grinder gestures at you.
You suddenly lose the ability to move!
Your transformation is almost over.
Grinder completely misses you. Grinder hits you.
You writhe in agony.
Grinder blinks!
Grinder says, "You look like you could use a good racking."
Grinder blinks!
You can move again.
Unknown command.
Casting: Beastly Appendage (safe; 5% risk of failure)
Press: ? - help, Q - select action, (/) - cycle Dir - look around, f - activate You extend your transformation's duration.
You hit Grinder.
Grinder is moderately wounded.
Grinder gestures at you. Pain shoots through your body!
You hit Grinder. Your kick misses Grinder.
Grinder is moderately wounded.
Grinder hits you.
* * * LOW HITPOINT WARNING * * *
You writhe in agony.
* * * LOW HITPOINT WARNING * * *
You hit Grinder.
You tail-slap Grinder, but do no damage.
Grinder is moderately wounded.
Grinder hits you.
* * * LOW HITPOINT WARNING * * *
You writhe in agony.
You die...

#.# #.# #.# #.# ### #.#
#.## #.# #.# #... .).
#.# #### #.# #.# #.#
#.### ## #)# #.#.##
##...##@#######...[#####
........5............)))
##...##.#######....#..))
##. #$# ###)#.###))) #
#.# #.........)) ..#
#.#.#####.## ### #.#.###
#.# #.#...# #.# #.###.#
#.#


You could see Grinder.

Vanquished Creatures
  7 gnolls
  3 adders
  2 orcs (D:3)
  8 ball pythons
  5 bats
  4 endoplasms
  2 giant cockroaches (D:1)
  7 goblins
  5 hobgoblins
  2 jackals (D:2)
  5 quokkas
  4 frilled lizards
  14 kobolds
  10 rats
78 creatures vanquished.

Notes
Turn   | Place    | Note
-------+----------+-------------------------------------------
     0 | D:1      | siradein the Draconian Transmuter began the quest for the
                  | Orb.
     0 | D:1      | Reached XP level 1. HP: 16/16 MP: 3/3
   150 | D:1      | Reached XP level 2. HP: 22/23 MP: 3/5
   724 | D:1      | Reached skill level 4 in Unarmed Combat
   742 | D:1      | Found Nyoruile's Armour Shoppe.
  1086 | D:1      | Reached XP level 3. HP: 28/28 MP: 4/6
  1125 | D:1      | Found a faded altar of an unknown god.
  1319 | D:2      | Learned a level 2 spell: Wereblood
  1713 | D:2      | Reached skill level 5 in Unarmed Combat
  1713 | D:2      | Reached XP level 4. HP: 13/35 MP: 5/7
  3084 | D:2      | Reached XP level 5. HP: 36/40 MP: 6/8
  3884 | D:3      | Learned a level 3 spell: Spider Form
  4147 | D:3      | Found a runed translucent door.
  4148 | D:3      | Noticed Crazy Yiuf
  4320 | D:3      | Noticed Grinder
  4332 | D:3      | Paralysed by Grinder for 6 turns
  4344 | D:3      | HP: 1/40 [Grinder (5)]
  4344 | D:3      | Slain by Grinder

Illustrated notes

Levels and vault maps discovered:
D:1:      dpeg_arrival_connections, layout_basic, basic_ecumenical_altar,
          serial_shops, nicolae_shop_behind_doors
D:2:      minmay_alternating_diamond, layout_basic, minmay_goblin_kobold_house
D:3:      layout_loops_corners, serial_shops, nicolae_square_shop,
          grunt_decor_fettered, uniq_crazy_yiuf_cottage, uniq_grinder

Skill      XL: |  1  2  3  4 |
---------------+-------------+-----
Unarmed Combat | 4 5 |  5.0
Transmutations | 3 |  3.8
Fighting       | |  1.1
Dodging        | |  1.7
Spellcasting   | |  2.0

Action                   |  1- 3 |  4- 6 || total
-------------------------+-------+-------++-------
Melee: Unarmed           |   113 |   107 ||   220
       Kick              |    21 |    21 ||    42
       Headbutt          |    10 |    13 ||    23
       Tailslap          |     6 |    10 ||    16
       Punch             |       |     2 ||     2
 Cast: Beastly Appendage |    24 |    34 ||    58
 Stab: Sleeping          |       |     2 ||     2
Armor: Skin              |    41 |    23 ||    64
Dodge: Dodged            |    94 |    80 ||   174

Table legend: (Time is in decaauts)
 A = Elapsed time spent in this place.
 B = Non-inter-level travel time spent in this place.
 C = Inter-level travel time spent in this place.
 D = Time resting spent in this place.
 E = Time spent auto-exploring this place.
 F = Levels seen in this place.
 G = Mean time per level.
                   A        B        C        D        E       F      G
               +--------+--------+--------+--------+--------+-----+--------+
         Total |   4347 |   4238 |    109 |    583 |   3012 |   3 | 1449.0 |
       Dungeon |   4347 |   4238 |    109 |    583 |   3012 |   3 | 1449.0 |
               +--------+--------+--------+--------+--------+-----+--------+

Top non-repeatable levels by time:
     D:1: 1960 daAuts
     D:2: 1638 daAuts
     D:3: 749 daAuts
